 Dungeon Crawl Stone Soup version 0.25.1-2-g60ff931df9 (webtiles) character file.

Game seed: 8790167720301530106

1759 lepoulpe303 the Magician (level 8, 0/36 HPs)
             Began as a Spriggan Earth Elementalist on Sept 7, 2020.
             Shot with a sling bullet by Joseph (23 damage)
             ... on level 7 of the Dungeon.
             The game lasted 00:21:34 (6269 turns).

lepoulpe303 the Magician (SpEE)                     Turns: 6269, Time: 00:21:34

Health: 0/36       AC:  4    Str:  4    XL:     8   Next: 79%
Magic:  17/20      EV: 22    Int: 18    God:
Gold:   202        SH:  5    Dex: 17    Spells: 16/22 levels left

rFire    . . .     SeeInvis +   a - +0 short sword
rCold    . . .     Gourm    .   (shield restricted)
rNeg     . . .     Faith    .   p - +1 robe {Archmagi}
rPois    .         Spirit   .   (helmet restricted)
rElec    .         Reflect  +   d - +0 cloak
rCorr    .         Harm     .   (gloves unavailable)
MR       +....                  (boots unavailable)
Stlth    ++++......             k - amulet of reflection
HPRegen  0.12/turn              (no ring)
MPRegen  0.17/turn              (no ring)

@: very quick
A: very small, unfitting armour, see invisible, herbivore, speed 3, slow
metabolism 2
a: no special abilities


You were on level 7 of the Dungeon.
You were not hungry.

You visited 1 branch of the dungeon, and saw 7 of its levels.
You also visited: Ossuary.

You collected 202 gold pieces.

Inventory:

Hand Weapons
 a - a +0 short sword (weapon)
 b - a +2 quarterstaff of chaos
Missiles
 x - 11 poisoned darts (quivered)
 y - 2 throwing nets {=f}
 Q - 43 stones
Armour
 c - a +0 robe
 d - a +0 cloak (worn)
 p - a +1 robe of the Archmagi (worn)
Jewellery
 k - an amulet of reflection (around neck)
 n - an uncursed ring of positive energy {rN+}
 N - a cursed ring of positive energy {rN+}
 P - a cursed ring of poison resistance
Wands
 t - a wand of iceblast (4)
 v - a wand of enslavement (3)
Scrolls
 g - 6 scrolls of teleportation {unknown}
 i - 4 scrolls of identify
 l - 5 scrolls of remove curse {unknown}
 o - a scroll of noise {unknown}
 r - a scroll of immolation {unknown}
 w - a scroll of enchant armour {unknown}
 B - 2 scrolls of blinking {!r}
Potions
 f - 3 potions of heal wounds
 h - 4 potions of might {unknown}
 j - 2 potions of lignification {unknown}
 m - 2 potions of stabbing {unknown}
 q - 3 potions of curing
 s - 2 potions of ambrosia {unknown}
 u - 3 potions of degeneration {unknown}
 z - 2 potions of haste {unknown}
 A - a potion of cancellation {unknown}
Comestibles
 e - 5 rations


   Skills:
 + Level 4.1 Short Blades
 + Level 6.9 Dodging
 + Level 7.2 Stealth
 * Level 7.6 Spellcasting
 - Level 1.3 Transmutations
 * Level 6.3 Earth Magic


You had 16 spell levels left.
You knew the following spells:

 Your Spells              Type           Power        Failure   Level  Hunger
a - Sandblast             Erth           #####.       1%          1    None
w - Passwall              Tmut/Erth      ####....     3%          2    None
x - Stone Arrow           Conj/Erth      ####..       9%          3    #......

Your spell library contained the following spells:

 Spells                   Type           Power        Failure   Level  Hunger
 Petrify                  Tmut/Erth      ####....     21%         4    ###....
 Lee's Rapid Deconstruct  Erth           #####.....   21%         5    #####..


Dungeon Overview and Level Annotations

Branches:
Dungeon (8/15)            Ossuary (visited)
 Temple: D:4-7         Lair: D:8-11

Altars:
Okawaru
Uskayaw
Yredelemnul

Annotations:
D:7 Joseph


Innate Abilities, Weirdness & Mutations

You are very small and have problems with some larger weapons.
You are too small for most types of armour.
You have supernaturally acute eyesight. (SInv)
You are a herbivore.
You cover ground extremely quickly.
You need to consume almost no food.


Message History

The blast of sand hits Joseph but does no damage.
Q - 45 stones Joseph misses you.
You now have 19/20 mp.
Aim: Joseph, wielding a +0 quarterstaff of protection, wearing a +0 ring mail and quivering 29 sling bullets (moderately wounded)
You feel a surge of power!
The blast of sand hits Joseph but does no damage.
Q - 44 stones Joseph hits you with a +0 quarterstaff of protection!
You take 13 damage, and have 23/36 hp.
MASSIVE DAMAGE!!
You now have 18/20 mp.
Aim: Joseph, wielding a +0 quarterstaff of protection, wearing a +0 ring mail and quivering 29 sling bullets (moderately wounded)
You feel a surge of power!
The blast of sand hits Joseph!
Q - 43 stones Joseph unwields a +0 quarterstaff of protection.
Joseph wields a +0 hunting sling.
Joseph shoots a sling bullet.
The sling bullet hits you!!
Ouch! That really hurt!
You die...

#########
#........#
......>..#
#######<.......#
#.....#........#
#.#....<.......#
......@........#
#:...........#
##..##@##+#+#
#.##.###....#.##
#......>........
####..........##
####.####### #..
... #.... .....


You could see Joseph.

Levels and vault maps discovered:
D:1:      lightli_arrival_maybe_door_vault, layout_loops_ring
D:2:      layout_loops_corners, first_ration, uniq_terence,
          uniq_crazy_yiuf_cottage
D:3:      layout_loops_corners, gammafunk_temple_overflow_elements,
          chequers_ecumenical_altar_grove
D:4:      layout_basic, okawaru_metal_pillars_1_2, nicolae_ossuary_entry_ruins,
          portal_sewer_entry_d, minmay_divided_ellipse, uniq_pikel
D:5:      layout_basic, minmay_temple_entry_wispy,
          hangedman_abyss_or_decor_jellyfish_corner, dk_vineyard_3, uniq_ijyb,
          uniq_edmund
D:7:      layout_basic, uniq_joseph, uniq_duvessa
D:8:      layout_basic, marbit_many_paths, serial_shops, nicolae_shop_stone

Notes
Turn   | Place    | Note
-------+----------+-------------------------------------------
     0 | D:1      | lepoulpe303 the Spriggan Earth Elementalist began the quest
                  | for the Orb.
     0 | D:1      | Reached XP level 1. HP: 9/9 MP: 5/5
   323 | D:1      | Identified a +0 club
   323 | D:1      | Identified a +0 short sword
   332 | D:1      | Reached skill level 3 in Spellcasting
   341 | D:1      | Reached XP level 2. HP: 13/13 MP: 0/7
   544 | D:1      | Reached skill level 3 in Earth Magic
   557 | D:1      | Learned a level 2 spell: Passwall
   640 | D:1      | Identified a +0 short sword
   759 | D:1      | Identified a +0 club
  1133 | D:2      | Reached XP level 3. HP: 16/16 MP: 8/8
  1138 | D:2      | Learned a level 3 spell: Stone Arrow
  1166 | D:2      | Identified a +0 dagger
  1647 | D:2      | Identified a +0 trident
  1647 | D:2      | Identified a +0 chain mail
  1647 | D:2      | Noticed Terence
  1676 | D:2      | Identified a +0 dagger
  1680 | D:2      | Identified a +0 club
  2121 | D:2      | Identified a +0 dagger
  2367 | D:2      | Identified 3 scrolls of blinking
  2368 | D:2      | Identified 4 scrolls of identify
  2368 | D:2      | Identified an amulet of reflection (You found it on level 2
                  | of the Dungeon)
  2370 | D:2      | Identified a ring of positive energy (You found it on level
                  | 2 of the Dungeon)
  2371 | D:2      | Identified a ring of poison resistance (You found it on
                  | level 1 of the Dungeon)
  2590 | D:2      | Found a runed translucent door.
  2591 | D:2      | Identified a +2 quarterstaff of chaos
  2591 | D:2      | Identified a +0 cloak
  2591 | D:2      | Noticed Crazy Yiuf
  2597 | D:2      | Killed Crazy Yiuf
  2597 | D:2      | Reached skill level 1 in Short Blades
  2597 | D:2      | Reached XP level 4. HP: 21/21 MP: 6/10
  2695 | D:2      | Killed Terence
  2695 | D:2      | Reached skill level 4 in Stealth
  2796 | D:3      | Reached skill level 4 in Spellcasting
  3049 | D:3      | Identified a +0 ring mail
  3224 | D:3      | Identified 2 potions of curing
  3263 | D:3      | Reached skill level 4 in Dodging
  3263 | D:3      | Reached XP level 5. HP: 24/24 MP: 12/12
  3266 | D:3      | Identified a +0 club
  3334 | D:3      | Identified a +0 club
  3374 | D:3      | Found a hide-covered altar of Uskayaw.
  3374 | D:3      | Found a basalt altar of Yredelemnul.
  3386 | D:3      | Identified a +0 flail
  3386 | D:3      | Identified a +0 ring mail
  3526 | D:3      | Identified a cursed -1 club
  3841 | D:3      | Found a faded altar of an unknown god.
  3994 | D:4      | Identified a +0 mace
  4033 | D:4      | Reached skill level 4 in Earth Magic
  4057 | D:4      | Identified a +0 giant club
  4057 | D:4      | Noticed an ogre
  4057 | D:4      | Identified a +0 giant club
  4057 | D:4      | Noticed an ogre
  4091 | D:4      | Found an iron altar of Okawaru.
  4100 | D:4      | Found a sand-covered staircase.
  4109 | Ossuary  | Entered an ossuary
  4244 | Ossuary  | Identified a cursed +0 halberd
  4244 | Ossuary  | Identified a +0 robe
  4251 | Ossuary  | Reached XP level 6. HP: 28/28 MP: 11/13
  4305 | Ossuary  | Noticed a flying skull
  4305 | Ossuary  | Noticed a wraith
  4312 | Ossuary  | Noticed a flying skull
  4317 | Ossuary  | Noticed a wraith
  4419 | Ossuary  | Noticed a flying skull
  4444 | Ossuary  | Noticed a wraith
  4448 | Ossuary  | Noticed a flying skull
  4455 | Ossuary  | Identified a +3 falchion
  4455 | Ossuary  | Identified a +0 robe
  4468 | Ossuary  | Identified a +4 falchion
  4468 | Ossuary  | Identified a +0 robe
  4520 | D:4      | Identified a +0 giant club
  4531 | D:4      | Reached skill level 2 in Short Blades
  4564 | D:4      | Identified a +1 whip of freezing
  4564 | D:4      | Identified a +1 robe of the Archmagi
  4564 | D:4      | Noticed Pikel
  4564 | D:4      | Noticed a slave
  4598 | D:4      | Identified a +0 hand axe
  4646 | D:4      | Identified a cursed -3 spear
  4646 | D:4      | Identified a +0 mace
  4646 | D:4      | Identified a +0 leather armour
  4648 | D:4      | Identified a +0 whip
  4650 | D:4      | Identified a +0 club
  4684 | D:4      | Identified a +0 club
  4684 | D:4      | Identified a +0 leather armour
  4686 | D:4      | Identified a +0 flail
  4686 | D:4      | Identified a +0 ring mail
  4686 | D:4      | Identified a +0 dagger
  4686 | D:4      | Identified a +0 robe
  4686 | D:4      | Identified a +0 dagger
  4689 | D:4      | Identified a +0 giant club
  4699 | D:4      | Reached skill level 5 in Stealth
  4699 | D:4      | Reached skill level 5 in Spellcasting
  4715 | D:4      | Reached XP level 7. HP: 31/32 MP: 6/15
  4721 | D:4      | Identified a +0 dagger
  4721 | D:4      | Identified a +0 robe
  4756 | D:4      | Reached skill level 5 in Dodging
  4779 | D:4      | Identified a +0 mace
  4780 | D:4      | Identified a +0 dagger
  4780 | D:4      | Identified a +0 leather armour
  4781 | D:4      | Identified a +0 club
  5004 | D:4      | Identified a +0 leather armour
  5074 | D:4      | Reached skill level 5 in Earth Magic
  5188 | D:4      | Reached skill level 3 in Short Blades
  5188 | D:4      | Reached skill level 6 in Spellcasting
  5384 | D:4      | Killed Pikel
  5384 | D:4      | Reached skill level 6 in Dodging
  5384 | D:4      | Reached skill level 6 in Stealth
  5384 | D:4      | Reached XP level 8. HP: 27/36 MP: 1/19
  5607 | D:4      | Reached skill level 7 in Spellcasting
  5705 | D:4      | Reached skill level 6 in Earth Magic
  6014 | D:5      | Entered Level 5 of the Dungeon
  6065 | D:5      | You fall into a shaft and drop 3 floors!
  6106 | D:8      | Identified a +0 club
  6161 | D:8      | Noticed a hippogriff
  6189 | D:8      | Killed a hippogriff
  6189 | D:8      | Reached skill level 4 in Short Blades
  6189 | D:8      | Reached skill level 7 in Stealth
  6262 | D:7      | Identified a +0 quarterstaff of protection
  6262 | D:7      | Identified a +0 hunting sling
  6262 | D:7      | Identified a +0 ring mail
  6262 | D:7      | Noticed Joseph
  6269 | D:7      | Shot with a sling bullet by Joseph

Table legend:
 A = Turns spent in this place as a percentage of turns spent in the entire game.
 B = Non-inter-level travel turns spent in this place as a percentage of non-inter-level travel turns spent in the entire game.
 C = Inter-level travel turns spent in this place as a percentage of turns spent in this place.
 D = Turns resting spent in this place as a percentage of non-inter-level travel turns spent in this place.
 E = Turns spent auto-exploring this place as a percentage of non-inter-level travel turns spent in this place.
 F = Non-inter-level travel turns spent in this place divided by the number of levels of this place that you've seen.
                   A       B       C       D       E      F
               +-------+-------+-------+-------+-------+----------------------
         Total | 100.0 | 100.0 |   3.7 |  25.2 |  37.7 | 755.0
       Dungeon |  93.5 |  93.2 |   3.9 |  25.5 |  40.5 | 804.4
       Ossuary |   6.5 |   6.8 |   0.0 |  20.0 |   0.0 | 409.0
               +-------+-------+-------+-------+-------+----------------------

Table legend:
 A = Kills in this place as a percentage of kills in entire the game.
 B = Kills by you in this place as a percentage of kills by you in the entire game.
 C = Kills by friends in this place as a percentage of kills by friends in the entire game.
 D = Other kills in this place as a percentage of other kills in the entire game.
 E = Experience gained in this place as a percentage of experience gained in the entire game.
 F = Experience gained in this place divided by the number of levels of this place that you have seen.
                   A       B       C       D       E      F
               +-------+-------+-------+-------+-------+----------------------
         Total | 100.0 | 100.0 |   N/A |   N/A | 100.0 | 314.1
       Dungeon |  91.2 |  91.2 |   N/A |   N/A |  97.4 | 349.6
       Ossuary |   8.8 |   8.8 |   N/A |   N/A |   2.6 |  66.0
               +-------+-------+-------+-------+-------+----------------------

Skill      XL: |  1  2  3  4  5  6  7  8 |
---------------+-------------------------+-----
Spellcasting   | 3 4 5 6 7 |  7.6
Earth Magic    | 3 4 5 6 |  6.3
Short Blades   | 1 2 3 4 |  4.1
Stealth        | 4 5 6 7 |  7.2
Dodging        | 4 6 |  6.9
Transmutations | |  1.3

Action                   |  1- 3 |  4- 6 |  7- 9 || total
-------------------------+-------+-------+-------++-------
Melee: Unarmed           |    44 |       |       ||    44
       Short sword       |    75 |   140 |    37 ||   252
       Quarterstaff      |       |     6 |       ||     6
Throw: Dart              |       |       |    26 ||    26
       Stone             |       |       |     4 ||     4
 Cast: Sandblast         |    46 |    46 |    68 ||   160
       Stone Arrow       |       |       |     3 ||     3
  Use: Scroll            |     4 |     1 |       ||     5
 Stab: Sleeping          |    10 |    12 |     5 ||    27
  Eat: Ration            |       |     1 |     1 ||     2
Armor: Robe              |    13 |    20 |     1 ||    34
Dodge: Dodged            |    92 |   131 |    38 ||   261
Block: Other             |     1 |    42 |    16 ||    59
       Reflection        |       |       |     1 ||     1

Vanquished Creatures
  Pikel (D:4)
  A hippogriff (D:8)
  A phantom (D:4)
  4 ogres (D:4)
  A slave (D:4)
  A scorpion (D:4)
  A killer bee (D:4)
  A wight (Ossuary)
  A howler monkey (D:4)
  A jelly (D:8)
  A bullfrog skeleton (D:4)
  An orc priest (D:4)
  A hound (D:4)
  2 orc wizards (D:4)
  Crazy Yiuf (D:2)
  An iguana (D:4)
  3 worker ants (D:4)
  Terence (D:2)
  3 gnolls (D:4)
  7 adders
  An ooze (D:4)
  2 worms
  4 leopard geckos
  14 orcs
  2 ball pythons (D:3)
  7 bats
  A giant cockroach (D:1)
  6 goblins
  6 hobgoblins
  3 jackals (D:1)
  3 quokkas
  4 ball python skeletons (Ossuary)
  5 frilled lizards
  2 hobgoblin skeletons (Ossuary)
  3 hobgoblin zombies (Ossuary)
  7 kobolds
  A leopard gecko skeleton (D:5)
  9 rats
  A fungus (D:2)
115 creatures vanquished.
